[ PARTIDA AOE2 · #507103002 ]
UnrankedTártaros vs Goths
Equipo del jugador · VICT
Equipo rival · DERR
[ ANÁLISIS DE REPETICIÓN · EXTRAÍDO DE LA PARTIDA GRABADA ]
Feudal
9:16
Castillos
—
Imperial
—
| APM promedio | 56.0 |
| APM pico | 77 |
| eAPM promedio | 24.3 |
| Aldeanos / militares | 40 / 14 |
Foco
⚔️ 26.7% · 🌾 73.3%
Archer ×11 · Spearman ×3
Feudal
13:17
Castillos
—
Imperial
—
| APM promedio | 57.6 |
| APM pico | 87 |
| eAPM promedio | 21.5 |
| Aldeanos / militares | 47 / 17 |
Foco
⚔️ 31.4% · 🌾 68.6%
Militia ×9 · Scout Cavalry ×8
Mapa de la partida
Recursos iniciales + cada clic de construcción. Líneas = muros · curvas = relieve. ◆ oro · ⬟ piedra · ● bayas · ✦ reliquia · ◌ hueco del cierre
Tu base· Abierta — flanco sin cerrar
Base de felipences1980· Abierta — flanco sin cerrar
Terreno inicial suavizado · ◌ = hueco del cierre detectado · pasá el cursor para detalles
Inputs por minuto
— sma.amit - - felipences1980
Build order — sma.amit
93 acciones detectadas en el replay
| 0:00 | Crear | Villager (Male) |
| 0:01 | Crear | Villager (Male) |
| 0:01 | Crear | Villager (Male) |
| 0:01 | Crear | Villager (Male) |
| 0:02 | Construir | House |
| 0:04 | Construir | House |
| 1:29 | Crear | Villager (Male) |
| 2:01 | Construir | Lumber Camp |
| 2:06 | Crear | Villager (Male) |
| 2:25 | Crear | Villager (Male) |
| 2:49 | Crear | Villager (Male) |
| 3:08 | Crear | Villager (Male) |
| 3:37 | Crear | Villager (Male) |
| 3:46 | Crear | Villager (Male) |
| 3:53 | Construir | House |
| 4:05 | Crear | Villager (Male) |
| 4:34 | Crear | Villager (Male) |
| 4:43 | Construir | Mill |
| 5:22 | Crear | Villager (Male) |
| 5:39 | Crear | Villager (Male) |
| 6:05 | Crear | Villager (Male) |
| 6:05 | Investigar | Loom |
| 6:48 | Crear | Villager (Male) |
| 6:52 | Investigar | Feudal Age |
| 8:08 | Construir | House |
| 8:21 | Construir | Barracks |
| 8:46 | Construir | Mining Camp |
| 9:09 | Crear | Villager (Male) |
| 9:16 | Edad | Edad Feudal |
| 9:42 | Construir | Archery Range |
| 9:43 | Crear | Villager (Male) |
| 10:05 | Crear | Villager (Male) |
| 10:16 | Crear | Villager (Male) |
| 10:25 | Construir | House |
| 10:26 | Crear | Archer |
| 10:48 | Crear | Villager (Male) |
| 10:59 | Crear | Villager (Male) |
| 11:01 | Investigar | Double-Bit Axe |
| 11:04 | Crear | Villager (Male) |
| 11:09 | Crear | Archer |
| 11:28 | Investigar | Double-Bit Axe |
| 11:53 | Crear | Archer |
| 12:00 | Crear | Villager (Male) |
| 12:22 | Crear | Archer |
| 12:30 | Construir | House |
| 12:33 | Construir | Palisade Wall |
| 12:35 | Construir | Palisade Wall |
| 12:36 | Crear | Villager (Male) |
| 12:45 | Construir | Farm |
| 12:46 | Construir | Farm |
| 12:48 | Construir | Farm |
| 13:40 | Crear | Villager (Male) |
| 13:45 | Construir | Farm |
| 13:46 | Construir | Farm |
| 13:52 | Crear | Archer |
| 14:02 | Crear | Villager (Male) |
| 14:16 | Crear | Villager (Male) |
| 14:21 | Construir | Farm |
| 14:34 | Crear | Archer |
| 14:52 | Crear | Villager (Male) |
| 14:54 | Crear | Archer |
| 15:05 | Crear | Villager (Male) |
| 15:13 | Construir | House |
| 15:15 | Construir | House |
| 15:23 | Construir | Blacksmith |
| 15:36 | Crear | Spearman |
| 15:56 | Crear | Archer |
| 15:59 | Construir | Farm |
| 16:07 | Crear | Villager (Male) |
| 16:13 | Crear | Spearman |
| 16:15 | Crear | Villager (Male) |
| 16:17 | Construir | Farm |
| 16:24 | Crear | Archer |
| 16:27 | Investigar | Fletching |
| 16:46 | Crear | Villager (Male) |
| 16:48 | Crear | Spearman |
| 16:52 | Crear | Archer |
| 16:56 | Crear | Villager (Male) |
| 17:08 | Crear | Archer |
| 17:13 | Construir | Farm |
| 17:20 | Construir | Market |
| 17:29 | Construir | Farm |
| 17:34 | Crear | Villager (Male) |
| 17:41 | Crear | Villager (Male) |
| 17:54 | Construir | Farm |
| 18:14 | Construir | House |
| 18:45 | Crear | Villager (Male) |
| 18:47 | Construir | Farm |
| 19:12 | Construir | Farm |
| 19:14 | Crear | Villager (Male) |
| 19:27 | Investigar | Castle Age |
| 19:43 | Construir | Lumber Camp |
| 19:47 | Crear | Villager (Male) |
Build order — felipences1980
107 acciones detectadas en el replay
| 0:01 | Crear | Villager (Male) |
| 0:01 | Crear | Villager (Male) |
| 0:02 | Crear | Villager (Male) |
| 0:02 | Construir | House |
| 0:04 | Construir | House |
| 0:09 | Investigar | Loom |
| 0:18 | Crear | Villager (Male) |
| 0:34 | Crear | Villager (Male) |
| 0:41 | Crear | Villager (Male) |
| 0:41 | Crear | Villager (Male) |
| 1:30 | Crear | Villager (Male) |
| 1:30 | Crear | Villager (Male) |
| 2:00 | Crear | Villager (Male) |
| 2:01 | Crear | Villager (Male) |
| 2:17 | Crear | Villager (Male) |
| 2:17 | Crear | Villager (Male) |
| 2:47 | Crear | Villager (Male) |
| 3:21 | Crear | Villager (Male) |
| 3:28 | Construir | House |
| 3:47 | Crear | Villager (Male) |
| 3:48 | Crear | Villager (Male) |
| 4:13 | Construir | Barracks |
| 4:15 | Crear | Villager (Male) |
| 4:21 | Crear | Villager (Male) |
| 5:01 | Crear | Villager (Male) |
| 5:21 | Construir | House |
| 5:23 | Crear | Militia |
| 5:23 | Crear | Militia |
| 5:23 | Crear | Militia |
| 5:34 | Crear | Villager (Male) |
| 5:46 | Crear | Villager (Male) |
| 5:53 | Construir | House |
| 6:00 | Crear | Militia |
| 6:00 | Crear | Militia |
| 6:11 | Crear | Militia |
| 6:31 | Crear | Villager (Male) |
| 6:31 | Crear | Villager (Male) |
| 7:02 | Construir | Mill |
| 7:11 | Crear | Villager (Male) |
| 7:16 | Construir | Lumber Camp |
| 7:36 | Crear | Villager (Male) |
| 7:51 | Crear | Villager (Male) |
| 7:51 | Crear | Villager (Male) |
| 8:00 | Construir | House |
| 8:03 | Crear | Villager (Male) |
| 8:39 | Crear | Villager (Male) |
| 8:52 | Crear | Villager (Male) |
| 9:40 | Crear | Villager (Male) |
| 10:13 | Construir | Farm |
| 10:34 | Crear | Villager (Male) |
| 10:37 | Construir | Farm |
| 10:41 | Construir | Farm |
| 11:07 | Investigar | Feudal Age |
| 11:13 | Construir | Palisade Wall |
| 11:20 | Construir | Palisade Wall |
| 12:25 | Construir | Farm |
| 12:26 | Construir | Farm |
| 12:26 | Construir | Farm |
| 12:26 | Construir | Farm |
| 12:57 | Construir | Mining Camp |
| 13:17 | Edad | Edad Feudal |
| 13:24 | Crear | Villager (Male) |
| 13:32 | Construir | Stable |
| 13:35 | Investigar | Double-Bit Axe |
| 13:39 | Investigar | Horse Collar |
| 13:39 | Investigar | Horse Collar |
| 13:43 | Construir | Farm |
| 13:46 | Construir | Farm |
| 13:50 | Construir | Farm |
| 13:54 | Construir | Farm |
| 14:00 | Crear | Villager (Male) |
| 14:07 | Construir | Blacksmith |
| 14:18 | Crear | Scout Cavalry |
| 14:18 | Crear | Scout Cavalry |
| 14:18 | Crear | Scout Cavalry |
| 14:19 | Crear | Scout Cavalry |
| 14:19 | Crear | Scout Cavalry |
| 14:32 | Crear | Villager (Male) |
| 15:08 | Construir | Farm |
| 15:16 | Construir | Farm |
| 15:19 | Crear | Villager (Male) |
| 15:29 | Construir | Farm |
| 15:30 | Crear | Villager (Male) |
| 15:45 | Crear | Scout Cavalry |
| 15:50 | Construir | House |
| 16:00 | Crear | Villager (Male) |
| 16:05 | Construir | House |
| 16:10 | Crear | Villager (Male) |
| 16:39 | Crear | Villager (Male) |
| 17:14 | Construir | Barracks |
| 17:19 | Investigar | Man-at-Arms (upgrade) |
| 17:21 | Crear | Villager (Male) |
| 17:28 | Investigar | Scale Mail Armor |
| 17:32 | Crear | Militia |
| 17:32 | Crear | Militia |
| 17:44 | Crear | Villager (Male) |
| 18:39 | Construir | Farm |
| 18:39 | Construir | Farm |
| 18:40 | Crear | Villager (Male) |
| 19:02 | Crear | Militia |
| 19:11 | Crear | Villager (Male) |
| 19:14 | Construir | Farm |
| 19:14 | Crear | Villager (Male) |
| 19:18 | Crear | Villager (Male) |
| 19:25 | Crear | Scout Cavalry |
| 19:26 | Crear | Scout Cavalry |
| 19:42 | Construir | Mining Camp |
Cronología de la partida
| 4:13 | felipences1980 · first_building Barracks |
| 8:21 | sma.amit · first_building Barracks |
| 9:16 | sma.amit · age_up feudal |
| 9:42 | sma.amit · first_building Archery Range |
| 11:13 | felipences1980 · wall_segment Palisade Wall x8 |
| 11:20 | felipences1980 · wall_segment Palisade Wall x2 |
| 12:33 | sma.amit · wall_segment Palisade Wall x1 |
| 12:35 | sma.amit · wall_segment Palisade Wall x1 |
| 13:17 | felipences1980 · age_up feudal |
| 13:32 | felipences1980 · first_building Stable |
| 19:17 | sma.amit · first_market_sell 100 wood |
| 19:20 | sma.amit · first_market_buy 100 food |
| 19:59 | felipences1980 · resign |
[ ANÁLISIS IA · 1 CRÉDITO ]
¿Qué pasó realmente en esta partida?
Wolo.gg analiza cada decisión: build order, eco, micro, errores típicos por bracket. Análisis personalizado por WhatsApp o Discord en 30 segundos.
Guía civ
Tártaros
Perfil
sma.amit